 Dungeon Crawl Stone Soup version 0.31-a0-865-g3d5d91748a (webtiles) character file.

Game seed: 2879309421277939847

3601 DocEon the Carver (level 10, -10/121 HPs)
             Began as a Hill Orc Fighter on Oct 10, 2023.
             Mangled by an orc warrior
             ... wielding a +0 trident
              (19 damage)
             ... in a bailey.
             The game lasted 00:09:13 (7999 turns).

DocEon the Carver (Hill Orc Fighter)                Turns: 7999, Time: 00:09:14

Health: -10/121    AC: 13    Str: 22    XL:     10   Next: 10%
Magic:  10/10      EV: 11    Int: 11    God:
Gold:   167        SH:  5    Dex:  7    Spells: 9/9 levels left

rFire   . . .        a - +6 short sword of Baam {freeze, Will++ Int+3 Dex-5}
rCold   . . .        c - +1 buckler
rNeg    . . .        m - +0 plate armour
rPois   +            o - +0 helmet
rElec   .            (no cloak)
rCorr   .            (no gloves)
SInv    .            (no boots)
Will    ++...        (no amulet) Stlth
                     e - +5 ring of evasion
HPRegen 0.40/turn    s - ring of poison resistance
MPRegen 0.12/turn

%: no passive effects
@: berserking (expiring), very quick
A: no striking features
a: no special abilities


You were in a bailey.
You visited 2 branches of the dungeon, and saw 9 of its levels.
You also visited: Bailey.

You collected 347 gold pieces.
You spent 180 gold pieces at shops.

Inventory:

Hand Weapons
 a - the +6 short sword of Baam (weapon) {freeze, Will++ Int+3 Dex-5}
   (You found it on level 2 of the Dungeon)

   Int+3:     It affects your intelligence (+3).
   Dex-5:     It affects your dexterity (-5).
   Will++:    It greatly increases your willpower.
 b - a +3 scimitar of holy wrath
Missiles
 t - 2 throwing nets
Armour
 c - a +1 buckler (worn)
 m - a +0 plate armour (worn)
 o - a +0 helmet (worn)
Jewellery
 e - a +5 ring of evasion (left hand)
 f - a +6 ring of dexterity
 g - a ring of see invisible
 s - a ring of poison resistance (right hand)
 v - a +6 ring of intelligence
 y - a +6 ring of strength
 B - a ring of ice
 D - an amulet of reflection
Wands
 E - a wand of light (2)
Scrolls
 i - 3 scrolls of immolation
 p - 4 scrolls of teleportation
 r - a scroll of poison
 z - a scroll of amnesia
Potions
 d - a potion of might
 j - a potion of magic
 k - a potion of lignification
 l - 2 potions of attraction
 n - a potion of ambrosia
 q - a potion of mutation
 u - a potion of curing {unknown}
 w - 4 potions of cancellation {unknown}
 x - 2 potions of invisibility {unknown}
 A - a potion of resistance {unknown}
 C - a potion of heal wounds


   Skills:
 + Level 5.1 Fighting
 - Level 14.0 Long Blades
 + Level 4.6 Armour
 * Level 5.7 Shields


You had 9 spell levels left.
You didn't know any spells.
Your spell library contained the following spells:

 Spells                   Type           Power      Damage    Failure   Level
 Necrotise                Necr           0%         1d4       100%        1
 Sandblast                Erth           0%         2d4       100%        1
 Cigotuvi's Dreadful Rot  Necr/Pois/Air  0%         N/A       100%        2
 Passwall                 Tmut/Erth      0%         N/A       100%        2
 Scorch                   Fire           0%         2d5       100%        2
 Ignite Poison            Fire/Tmut/Pois 0%         N/A       100%        3
 Ozocubu's Armour         Ice            0%         N/A       100%        3
 Stone Arrow              Conj/Erth      0%         3d7       100%        3
 Vampiric Draining        Necr           0%         2d6       100%        3
 Brom's Barrelling Bould  Conj/Erth      0%         2d3       100%        4
 Flame Wave               Conj/Fire      0%         2d4       100%        4
 Agony                    Necr           0%         N/A       100%        5
 Freezing Cloud           Conj/Ice/Air   0%         6-21      100%        5
 Summon Cactus Giant      Summ           0%         N/A       100%        6
 Ozocubu's Refrigeration  Ice            0%         4d7       100%        7


Dungeon Overview and Level Annotations

Branches:
Dungeon (8/15)             Temple (1/1) D:5          Bailey (1/1)
   Lair: D:8-11

Altars:
Ashenzari
Cheibriados
Dithmenos
Elyvilon
Fedhas
Gozag
Hepliaklqana
Kikubaaqudgha
Makhleb
Okawaru
Qazlal
Ru
Sif Muna
Trog
Uskayaw
Vehumet
Wu Jian
Xom
Yredelemnul
Zin
The Shining One

Shops:
D:7 (*(!

Annotations:
Bailey 2 runed translucent doors


Message History

The orc knight is moderately wounded.
The orc hits you with a +0 spear.
You hit the orc knight. You freeze the orc knight.
The orc knight is moderately wounded.
The orc warrior hits you with a +0 trident!
* * * LOW HITPOINT WARNING * * *
The orc warrior hits you from afar with a +0 trident.
* * * LOW HITPOINT WARNING * * *
The orc knight hits you with a +0 glaive!
* * * LOW HITPOINT WARNING * * *
You hit the orc knight. You freeze the orc knight.
The orc knight is heavily wounded.
Okay, then.
You closely miss the orc knight.
The orc knight is heavily wounded.
The orc barely misses you.
The orc warrior hits you from afar with a +0 trident!
* * * LOW HITPOINT WARNING * * *
The orc warrior barely misses you.
You puncture the orc knight! You freeze the orc knight.
The orc knight is severely wounded.
You block the orc knight's attack.
You puncture the orc knight! You freeze the orc knight.
The orc knight is almost dead.
The orc closely misses you.
You hit the orc knight. You freeze the orc knight.
The orc knight is almost dead.
The orc warrior hits you but does no damage.
The orc warrior misses you.
You hit the orc knight but do no damage.
The orc knight is almost dead.
The orc knight barely misses you.
You closely miss the orc knight.
The orc knight is almost dead.
You block the orc's attack.
You puncture the orc knight! You freeze the orc knight.
You kill the orc knight!
The orc warrior is no longer blind.
The orc warrior closely misses you.
The orc warrior hits you with a +0 trident!!
You die...

#..#..# # #..# #. #..#
#.o########).#
##...8....8...##
#........))))..###
#$.####o'####..#.##
#≈≈..####....)o..####..#
#≈≈≈.........@.........#
#≈≈≈≈.......o....♣....♣#
#≈≈≈≈≈≈...#....#...♣♣♣♣
≈≈≈≈≈≈≈≈≈#....#≈≈≈≈≈♣♣#
♣≈≈≈≈≈≈≈#....#≈≈≈≈≈≈≈#
♣.≈≈≈≈≈≈#....#≈≈≈≈≈≈≈#
♣...≈≈≈≈#....#≈≈≈≈≈≈≈#
♣♣......#....#....≈≈≈#
♣♣................≈≈#


You could see 2 orc warriors and an orc (strong).

Vanquished Creatures
  An orc knight (Bailey)
  A cyclops (D:6)
  A wyvern (D:7)
  Menkaure (D:4)
  Edmund (D:5)
  A sky beast (D:5)
  A black bear (D:5)
  4 orc warriors
  An ice beast (D:5)
  2 ogres
  A centaur (D:7)
  A phantom (D:6)
  A kobold brigand (D:7)
  Blork the orc (D:4)
  8 scorpions
  A gnoll sergeant (D:7)
  3 bullfrogs
  4 crimson imps (D:3)
  3 hounds
  2 jellies (D:4)
  2 orc priests
  4 sleepcaps
  Terence (D:3)
  Jessica (D:3)
  3 iguanas
  4 orc wizards
  Robin (D:3)
  11 gnolls
  5 adders
  2 shadow imps (D:7)
  2 white imps (D:6)
  3 worms
  A dart slug (D:4)
  18 orcs
  5 ball pythons
  2 bats
  9 endoplasms
  4 giant cockroaches
  15 goblins
  13 hobgoblins
  2 jackals (D:3)
  14 kobolds
  3 frilled lizards
  7 rats
171 creatures vanquished.

Notes
Turn   | Place    | Note
-------+----------+-------------------------------------------
     0 | D:1      | DocEon the Hill Orc Fighter began the quest for the Orb.
     0 | D:1      | Reached XP level 1. HP: 19/19 MP: 1/1
   311 | D:1      | Reached skill level 3 in Long Blades
   311 | D:1      | Reached XP level 2. HP: 26/26 MP: 2/2
   587 | D:1      | Reached XP level 3. HP: 31/31 MP: 3/3
   900 | D:2      | Found a faded altar of an unknown god.
   902 | D:2      | Identified the +6 short sword of Baam {freeze, Will++ Int+3
                  | Dex-5}
   932 | D:2      | Reached skill level 4 in Long Blades
  1630 | D:2      | Found a basalt altar of Yredelemnul.
  1673 | D:2      | Reached XP level 4. HP: 39/39 MP: 4/4
  1925 | D:3      | Found a shimmering altar of Xom.
  1936 | D:3      | Reached skill level 5 in Long Blades
  1945 | D:3      | Reached XP level 5. HP: 25/45 MP: 5/5
  1950 | D:3      | Reached skill level 6 in Long Blades
  2060 | D:3      | Reached XP level 6. HP: 27/51 MP: 6/6
  2228 | D:3      | Found a shadowy altar of Dithmenos.
  2235 | D:3      | Noticed Robin
  2280 | D:3      | Killed Robin
  2337 | D:3      | Found a sacrificial altar of Ru.
  2343 | D:3      | Noticed Jessica
  2348 | D:3      | Killed Jessica
  2349 | D:3      | Reached skill level 7 in Long Blades
  2846 | D:3      | Noticed Terence
  2856 | D:3      | Killed Terence
  3075 | D:4      | Noticed Menkaure
  3098 | D:4      | Reached skill level 8 in Long Blades
  3106 | D:4      | Reached XP level 7. HP: 10/57 MP: 7/7
  3287 | D:4      | Killed Menkaure
  3551 | D:4      | Reached skill level 9 in Long Blades
  4040 | D:4      | Reached XP level 8. HP: 59/64 MP: 8/8
  4047 | D:4      | Reached skill level 10 in Long Blades
  4199 | D:4      | Noticed Blork the orc
  4208 | D:4      | Killed Blork the orc
  4400 | D:4      | Found a hide-covered altar of Uskayaw.
  4402 | D:4      | Found a stormy altar of Qazlal.
  4404 | D:4      | Found a snail-covered altar of Cheibriados.
  4405 | D:4      | Found a glowing silver altar of Zin.
  4564 | D:5      | Entered Level 5 of the Dungeon
  4583 | D:5      | Noticed Edmund
  4636 | D:5      | Killed Edmund
  4804 | D:5      | Reached skill level 11 in Long Blades
  5010 | D:5      | Noticed a two-headed ogre
  5037 | D:5      | Found a staircase to the Ecumenical Temple.
  5086 | Temple   | Entered the Ecumenical Temple
  5203 | D:5      | Reached skill level 12 in Long Blades
  5269 | D:5      | Reached XP level 9. HP: 60/70 MP: 9/9
  5454 | D:5      | Found a burning altar of Makhleb.
  5613 | D:6      | Found a white marble altar of Elyvilon.
  5913 | D:6      | Reached skill level 13 in Long Blades
  6198 | D:6      | Noticed a cyclops
  6217 | D:6      | Killed a cyclops
  6218 | D:6      | Reached skill level 14 in Long Blades
  6452 | D:7      | Found Dobofr Iphu's Assorted Antiques.
  6458 | D:7      | Bought a tourmaline ring for 100 gold pieces
  6715 | D:7      | Found Zeny's Distillery.
  6978 | D:7      | Bought a potion of heal wounds for 80 gold pieces
  6985 | D:7      | Found an opulent altar of Gozag.
  6987 | D:7      | Found an opulent altar of Gozag.
  6996 | D:7      | Found an opulent altar of Gozag.
  7003 | D:7      | Found an opulent altar of Gozag.
  7031 | D:7      | Found a broken altar of Ashenzari.
  7074 | D:7      | Found a blossoming altar of Fedhas.
  7113 | D:7      | Found Mexuirhe's Antique Weapon Shop.
  7296 | D:7      | Reached skill level 5 in Shields
  7415 | D:7      | Found Ysukip Irawk's Weapon Boutique.
  7731 | D:8      | Reached XP level 10. HP: 72/80 MP: 10/10
  7856 | D:8      | Found a flagged portal.
  7863 | D:8      | Identified the +3 halberd of the Blind Eye {flame, *Corrode
                  | Will+ MP+9 Dex+3}
  7866 | Bailey   | Entered a bailey
  7942 | Bailey   | Reached skill level 5 in Fighting
  7951 | Bailey   | Found a large runed translucent door.
  7951 | Bailey   | Found a large runed translucent door.
  7954 | Bailey   | Noticed a deep elf pyromancer
  7973 | Bailey   | Noticed an orc knight
  7999 | Bailey   | Killed an orc knight
  7999 | Bailey   | Mangled by an orc warrior

Illustrated notes

Levels and vault maps discovered:
D:1:      roderic_chinese_lattice_arrival, layout_basic, dk_noncrumbling_4
D:2:      layout_basic, serial_corexii_hall, corexii_hall_statues_x,
          corexii_hall_statues_t, shapermc_ecumenical_altar_mp_ritualfount,
          basic_altar, kennysheep_generic_room_12
D:3:      layout_loops_ring, led_xom_imps, mainiacjoe_overflow_catch_the_wave,
          minmay_between, uniq_terence, uniq_robin, uniq_jessica
D:4:      layout_basic, mainiacjoe_overflow_alcove_3, uniq_blork_the_orc,
          uniq_menkaure
D:5:      layout_cave_pods, lightli_temple_of_fire, minmay_temple_entry_tees,
          lightli_corner_chamber, uniq_edmund
D:6:      layout_loops_ring, elyvilon_altar_5, minmay_microvault
D:7:      layout_loops_ring, mainiacjoe_overflow_24_doors,
          nicolae_gozag_conspicuous_consumption, lemuel_round_altar,
          serial_shops, shop, nicolae_shop_rolling_square, shop,
          nicolae_shop_competitors_out_of_business
D:8:      minmay_evil_eye, layout_loops_corners, enter_bailey_2, minivault_12,
          uniq_gastronok
Temple:   nicolae_temple_ecumenical_triangle
Bailey:   bailey_polearm_elven_captive_hellmonk, bailey

Skill      XL: |  1  2  3  4  5  6  7  8  9 10 |
---------------+-------------------------------+-----
Long Blades    | 3 4 5 6 8 9 12 14 | 14.0
Fighting       | 4 5 |  5.1
Shields        | 5 |  5.7
Armour         | 4 |  4.6

Action                     |  1- 3 |  4- 6 |  7- 9 | 10-12 || total
---------------------------+-------+-------+-------+-------++-------
  Melee: Long sword        |    70 |       |       |       ||    70
         Short sword       |    26 |   151 |   416 |    43 ||   636
         Scimitar          |       |       |     6 |       ||     6
  Evoke: Wand              |       |       |       |     8 ||     8
    Use: Scroll            |     3 |     8 |     4 |       ||    15
         Potion            |       |       |     1 |     1 ||     2
   Stab: Invisible         |       |       |       |     2 ||     2
 Armour: Scale mail        |    35 |       |       |       ||    35
         Plate armour      |     3 |    73 |   208 |    29 ||   313
         Skin              |       |       |     3 |       ||     3
  Dodge: Dodged            |    62 |    52 |   127 |    23 ||   264
  Block: Buckler           |    23 |    24 |    57 |    18 ||   122

Table legend: (Time is in decaauts)
 A = Elapsed time spent in this place.
 B = Non-inter-level travel time spent in this place.
 C = Inter-level travel time spent in this place.
 D = Time resting spent in this place.
 E = Time spent auto-exploring this place.
 F = Levels seen in this place.
 G = Mean time per level.
                   A        B        C        D        E       F      G
               +--------+--------+--------+--------+--------+-----+--------+
         Total |   7836 |   7682 |    154 |   1270 |   4964 |  10 |  783.6 |
       Dungeon |   7670 |   7521 |    149 |   1243 |   4923 |   8 |  958.8 |
        Temple |     53 |     48 |      5 |     27 |      0 |   1 |   53.0 |
        Bailey |    112 |    112 |      0 |      0 |     41 |   1 |  112.0 |
               +--------+--------+--------+--------+--------+-----+--------+

Top non-repeatable levels by time:
     D:3: 1339 daAuts
     D:4: 1283 daAuts
     D:2: 1097 daAuts
     D:7: 1067 daAuts
     D:6: 982 daAuts
     D:5: 882 daAuts
     D:1: 826 daAuts
     D:8: 190 daAuts
  Bailey: 112 daAuts
  Temple: 53 daAuts
